 Dungeon Crawl Stone Soup version 0.30.0-29-ga12c61a403 (webtiles) character file.

Game seed: 1633276445674405948

163 BONEBRO the Chopper (level 5, -2/45 HPs)
             Began as a Minotaur Fighter on June 13, 2023.
             Slain by Edmund
             ... wielding a +1 flail of protection
              (8 damage)
             ... on level 4 of the Dungeon.
             The game lasted 00:06:52 (2771 turns).

BONEBRO the Chopper (Minotaur Fighter)              Turns: 2771, Time: 00:06:53

Health: -2/45      AC:  6    Str: 29    XL:     5   Next: 20%
Magic:  4/4        EV: 10    Int:  5    God:
Gold:   162        SH:  4    Dex:  9    Spells: 4/4 levels left

rFire   . . .        a - +0 war axe
rCold   . . .        c - +0 buckler
rNeg    . . .        b - +0 scale mail
rPois   .            (helmet restricted)
rElec   .            (no cloak)
rCorr   .            (no gloves)
SInv    .            (no boots)
Will    .....        (no amulet) Stlth
                     m - +6 ring of strength
HPRegen 0.27/turn    (no ring)
MPRegen 0.09/turn

%: no passive effects
@: no status effects
A: horns 2, retaliatory headbutt
a: no special abilities


You were on level 4 of the Dungeon.
You visited 1 branch of the dungeon, and saw 4 of its levels.

You collected 162 gold pieces.

Inventory:

Hand Weapons
 a - a +0 war axe (weapon)
Missiles
 o - 6 silver javelins (quivered)
Armour
 b - a +0 scale mail (worn)
 c - a +0 buckler (worn)
Jewellery
 m - a +6 ring of strength (left hand)
Scrolls
 h - 2 scrolls of identify {unknown}
 i - 2 scrolls of magic mapping {unknown}
 j - a scroll of enchant armour {unknown}
 l - a scroll of immolation {unknown}
Potions
 d - a potion of might
 e - a potion of attraction {unknown}
 f - 2 potions of curing {unknown}
 g - a potion of heal wounds {unknown}
 k - 2 potions of brilliance {unknown}
 n - 2 potions of flight {unknown}


   Skills:
 - Level 3.6 Fighting
 * Level 6.3 Axes
 - Level 3.6 Armour
 - Level 1.3 Dodging
 - Level 3.6 Shields


You had 4 spell levels left.
You didn't know any spells.
Your spell library was empty.

Dungeon Overview and Level Annotations

Branches:
Dungeon (4/15)
 Temple: D:4-7

Altars:
Sif Muna
Wu Jian
Xom

Annotations:
D:4 Edmund


Innate Abilities, Weirdness & Mutations

You have a pair of horns on your head.
You reflexively headbutt those who attack you in melee.


Message History

Done waiting.
You see here 6 silver javelins.
o - 6 silver javelins You see here a +0 spectral quarterstaff.
Found a scythe.
Edmund the Younger comes into view.
He is wielding a +1 flail of protection.
Found a flail.
Edmund shouts!
You slash Edmund! You headbutt Edmund!
Edmund is heavily wounded.
Edmund misses you.
You barely miss Edmund.
Edmund is heavily wounded.
Edmund closely misses you.
You hit Edmund but do no damage.
Edmund is heavily wounded.
Edmund hits you with a +1 flail of protection!
Edmund hits you with a +1 flail of protection.
You hit Edmund but do no damage.
Edmund is heavily wounded.
Edmund barely misses you. You furiously retaliate!
You headbutt Edmund. You closely miss Edmund.
Edmund is heavily wounded.
Edmund hits you with a +1 flail of protection.
You hit Edmund. Your headbutt misses Edmund.
Edmund is heavily wounded.
Edmund hits you with a +1 flail of protection!
You hit Edmund but do no damage. You headbutt Edmund, but do no damage.
Edmund is heavily wounded.
Edmund hits you with a +1 flail of protection!
* * * LOW HITPOINT WARNING * * *
Edmund hits you with a +1 flail of protection!
* * * LOW HITPOINT WARNING * * *
You barely miss Edmund. You headbutt Edmund!
Edmund is almost dead.
You block Edmund's attack.
You barely miss Edmund. Your headbutt misses Edmund.
Edmund is almost dead.
Edmund hits you with a +1 flail of protection!
You die...

.....)..## #....#)#...
#...# ## .##......#
##....#.... #...## #
.##......###...#.#...#
#....####
..#............#.#...#
#.##...##
.......##..####..#...#
#.###.... ##...####..#
#..#...# #.###.... ##...#
#..# ##.....# #.......#
#....# #..# #.@...#
#...###.# ...#.####..#
##@#......#.### #.#
.###.......####..#..##..#.#
#.# .###.###.<.#.....#..)#
.#.# ##.# ....##
###...##..#@.## #.# ##...
#...# #.#####.#.##
#.###.).. ##..# #.# #.#..
#........ ##..# #.#
#.#..#####........ ##..#
### ##.# #.PP.........
....# ##..####............


You could see Edmund.

Vanquished Creatures
  An orc wizard (D:4)
  6 adders
  9 orcs (D:4)
  6 bats
  8 endoplasms
  2 giant cockroaches
  5 goblins
  7 hobgoblins
  5 jackals
  3 quokkas
  5 ball pythons
  7 frilled lizards
  6 kobolds
  2 rats
72 creatures vanquished.

Vanquished Creatures (others)
  5 dream sheep (D:4)
5 creatures vanquished.

Grand Total: 77 creatures vanquished

Notes
Turn   | Place    | Note
-------+----------+-------------------------------------------
     0 | D:1      | BONEBRO the Minotaur Fighter began the quest for the Orb.
     0 | D:1      | Reached XP level 1. HP: 19/19 MP: 0/0
    80 | D:1      | Reached skill level 3 in Axes
    84 | D:1      | Reached XP level 2. HP: 26/26 MP: 1/1
   170 | D:1      | Reached skill level 4 in Axes
   727 | D:2      | Reached XP level 3. HP: 31/31 MP: 2/2
   870 | D:2      | Reached skill level 5 in Axes
   989 | D:2      | Reached XP level 4. HP: 39/39 MP: 3/3
  1098 | D:2      | Reached skill level 1 in Dodging
  1618 | D:3      | Found a shimmering blue altar of Sif Muna.
  1628 | D:3      | Found an ornate altar of the Wu Jian Council.
  2112 | D:4      | Noticed a dream sheep
  2112 | D:4      | Noticed a dream sheep
  2112 | D:4      | Noticed a dream sheep
  2112 | D:4      | Noticed a dream sheep
  2112 | D:4      | Noticed a dream sheep
  2112 | D:4      | Found a shimmering altar of Xom.
  2116 | D:4      | Killed a dream sheep
  2117 | D:4      | Killed a dream sheep
  2117 | D:4      | Killed a dream sheep
  2117 | D:4      | Killed a dream sheep
  2117 | D:4      | Killed a dream sheep
  2371 | D:4      | Reached skill level 6 in Axes
  2374 | D:4      | Reached XP level 5. HP: 45/45 MP: 4/4
  2757 | D:4      | Noticed Edmund
  2771 | D:4      | Slain by Edmund

Illustrated notes

Levels and vault maps discovered:
D:1:      erik_arrival_triangle_small, layout_basic, serial_glass,
          glass_columns_c, glass_columns_b, glass_columns_c, glass_columns_b,
          feat_on_display, item_on_display_a, kennysheep_minor_cross,
          corexii_corridor_pit
D:2:      layout_loops_corners, dreamdust_wishing_well, minmay_3d_cube
D:3:      layout_basic, mainiacjoe_overflow_big_doors,
          yredelemnul_altar_generic, shapermc_ecumenical_altar_venn
D:4:      layout_layer_cave, kb_xom_exploding_sheep,
          mainiacjoe_overflow_alcove_2, sigmund_edmund_badplayer

Skill      XL: |  1  2  3  4 |
---------------+-------------+-----
Axes           | 3 4 5 6 |  6.3
Dodging        | 1 |  1.3
Fighting       | |  3.6
Armour         | |  3.6
Shields        | |  3.6

Action                     |  1- 3 |  4- 6 || total
---------------------------+-------+-------++-------
  Melee: War axe           |    87 |    65 ||   152
         Headbutt          |     9 |    12 ||    21
 Armour: Scale mail        |    49 |    16 ||    65
  Dodge: Dodged            |    48 |    17 ||    65
  Block: Buckler           |    23 |    13 ||    36
